 Dungeon Crawl Stone Soup version 0.29-a0-275-g389c0b56f3 (webtiles) character file.

Game seed: 8271372773787353770

114 Morbidden the Digger (level 4, -2/36 HPs)
             Began as a Troll Earth Elementalist on Mar 11, 2022.
             Slain by an iguana (6 damage)
             ... on level 3 of the Dungeon.
             The game lasted 00:03:00 (1989 turns).

Morbidden the Digger (Troll Earth Elementalist)     Turns: 1989, Time: 00:03:01

Health: -2/36      AC:  4    Str: 16    XL:     4   Next: 67%
Magic:  5/5        EV: 10    Int: 13    God:
Gold:   61         SH:  0    Dex: 10    Spells: 4/5 levels left

rFire   . . .      SeeInvis .     - Unarmed
rCold   . . .      Faith    .   (no shield)
rNeg    . . .      Spirit   .   b - +0 robe
rPois   .          Reflect  .   (helmet restricted)
rElec   .          Harm     .   (no cloak)
rCorr   .          Rampage  .   (gloves unavailable)
Will    .....                   (boots unavailable)
Stlth   +.........              (no amulet)
HPRegen 0.92/turn               (no ring)
MPRegen 0.09/turn               (no ring)

@: lethally poisoned (-2 -> -7)
A: large, unfitting armour, claws 3, regeneration 1, shaggy fur 1, tough skin 1,
frail 1, evolution 1
a: no special abilities


You were on level 3 of the Dungeon.
You visited 1 branch of the dungeon, and saw 4 of its levels.

You collected 61 gold pieces.

Inventory:

Missiles
 a - 152 stones
 o - 5 poisoned darts
Armour
 b - a +0 robe (worn)
Scrolls
 e - 6 scrolls of identify {unknown}
 f - 2 scrolls of enchant weapon {unknown}
 g - a scroll of amnesia {unknown}
 h - a scroll of magic mapping {unknown}
 l - a scroll of immolation {unknown}
Potions
 c - 2 potions of magic
 d - a potion of cancellation
 k - a potion of heal wounds {unknown}
 m - a potion of brilliance {unknown}
 n - a potion of lignification {unknown}


   Skills:
 * Level 0.8 Fighting
 * Level 2.1 Dodging
 + Level 1.3 Stealth
 + Level 1.6 Unarmed Combat
 * Level 1.4 Spellcasting
 + Level 0.6 Transmutations
 * Level 3.6 Earth Magic


You had 4 spell levels left.
You knew the following spells:

 Your Spells              Type           Power      Damage    Failure   Level
a - Sandblast             Erth           20%        2d7       6%          1

Your spell library contained the following spells:

 Spells                   Type           Power      Damage    Failure   Level
 Passwall                 Tmut/Erth      5%         N/A       17%         2
 Stone Arrow              Conj/Erth      10%        3d7       36%         3
 Petrify                  Tmut/Erth      6%         N/A       73%         4


Dungeon Overview and Level Annotations

Branches:
Dungeon (4/15)
 Temple: D:4-7

Altars:
Kikubaaqudgha


Innate Abilities, Weirdness & Mutations

You are too large for most types of armour.
You have claws for hands.
Your natural rate of healing is unusually fast.
You are covered in fur. (AC +1)
You have tough skin. (AC +1)
You are frail. (-10% HP)
You have hidden genetic potential.


Message History

You are too injured to fight recklessly!
You are too injured to fight recklessly!
You are too injured to fight recklessly!
Unknown command.
The kobold attacks as you move away!
The kobold hits you with a +2 whip of venom.
You are lethally poisoned!
* * * LOW HITPOINT WARNING * * *
You feel very sick.
The kobold throws a stone.
The stone hits you.
* * * LOW HITPOINT WARNING * * *
Unknown command.
Unknown command.
It was a potion of cancellation.
You feel magically purged.
* * * LOW HITPOINT WARNING * * *
You feel very sick. The iguana closely misses you.
Unknown command.
Unknown command.
Unknown command.
It was a potion of curing.
You feel better. The iguana barely misses you.
The kobold hits you with a +2 whip of venom.
* * * LOW HITPOINT WARNING * * *
You are poisoned.
Unknown command.
Unknown command.
The kobold attacks as you move away! The kobold hits you but does no damage.
You are lethally poisoned!
* * * LOW HITPOINT WARNING * * *
You feel very sick.
Unknown command.
Unknown command.
Unknown command.
It was a potion of mutation.
You feel extremely strange.
You feel frail.
You feel a hidden potential growing inside you.
* * * LOW HITPOINT WARNING * * *
You feel very sick. The iguana bites you.
You die...

.# ######........#### .#
#..............._# .#
#.####........#### .###)#
#≈≈≈≈≈≈≈≈# ### ..>..#
############# #.. .#####
#.#..#.####.###.#
..######.#..#.......#.#
#.†.........######r#.######
..####..........@lK........
..............#########.###
)#######.#.#### .# #.#.# .#
#.#.# .# #.#.# .#######.#.#
...........# .###.....###


You could see an iguana, a kobold and a rat.

Vanquished Creatures
  6 adders
  2 worms (D:2)
  2 dart slugs (D:1)
  3 bats
  2 bat zombies (D:3)
  3 endoplasms
  A giant cockroach (D:1)
  6 goblins
  2 hobgoblins
  6 quokkas
  5 ball pythons
  4 frilled lizards
  7 kobolds
  2 rats (D:2)
  A rat zombie (D:3)
52 creatures vanquished.

Notes
Turn   | Place    | Note
-------+----------+-------------------------------------------
     0 | D:1      | Morbidden the Troll Earth Elementalist began the quest for
                  | the Orb.
     0 | D:1      | Reached XP level 1. HP: 16/16 MP: 1/1
    39 | D:1      | Reached XP level 2. HP: 26/26 MP: 3/3
    78 | D:1      | Reached skill level 3 in Earth Magic
   841 | D:2      | Reached XP level 3. HP: 32/32 MP: 4/4
   941 | D:2      | Reached skill level 1 in Unarmed Combat
  1072 | D:2      | Reached XP level 4. HP: 8/40 MP: 2/5
  1665 | D:2      | You fall into a shaft and drop 2 floors!
  1869 | D:3      | Found an ancient bone altar of Kikubaaqudgha.
  1989 | D:3      | Gained mutation: You are frail. (-10% HP) [potion of
                  | mutation]
  1989 | D:3      | Gained mutation: You have hidden genetic potential. [potion
                  | of mutation]
  1989 | D:3      | Slain by an iguana

Illustrated notes

Levels and vault maps discovered:
D:1:      eino_arrival_water_star, layout_basic, minivault_27
D:2:      layout_basic
D:3:      minmay_razor_zed, layout_loops_ring, lemuel_zombie_altar_kikubaaqudgha
D:4:      layout_loops_ring, minmay_temple_entry_nine_rooms,
          pf_guarded_unrand_woodcutter

Skill      XL: |  1  2  3 |
---------------+----------+-----
Earth Magic    | 3 |  3.6
Unarmed Combat | 1 |  1.6
Dodging        | 2 |  2.1
Fighting       | |  0.8
Stealth        | |  1.3
Spellcasting   | |  1.4
Transmutations | |  0.6

Action                   |  1- 3 |  4- 6 || total
-------------------------+-------+-------++-------
Melee: Unarmed           |   109 |    62 ||   171
       Punch             |     4 |       ||     4
 Cast: Sandblast         |     4 |     6 ||    10
  Use: Potion            |       |     3 ||     3
 Stab: Sleeping          |     1 |       ||     1
Armor: Robe              |    31 |    21 ||    52
Dodge: Dodged            |    57 |    34 ||    91

Table legend: (Time is in decaauts)
 A = Elapsed time spent in this place.
 B = Non-inter-level travel time spent in this place.
 C = Inter-level travel time spent in this place.
 D = Time resting spent in this place.
 E = Time spent auto-exploring this place.
 F = Levels seen in this place.
 G = Mean time per level.
                   A        B        C        D        E       F      G
               +--------+--------+--------+--------+--------+-----+--------+
         Total |   1986 |   1954 |     32 |     39 |   1513 |   4 |  496.5 |
       Dungeon |   1986 |   1954 |     32 |     39 |   1513 |   4 |  496.5 |
               +--------+--------+--------+--------+--------+-----+--------+

Top non-repeatable levels by time:
     D:1: 871 daAuts
     D:2: 793 daAuts
     D:4: 184 daAuts
     D:3: 137 daAuts
